 Dungeon Crawl Stone Soup version 0.17-a0-1954-g0dddeaa (webtiles) character file.

127 Mordenkainen the Magician (level 4, 1/24 HPs)
             Began as a Deep Elf Wizard on Oct 4, 2015.
             Quit the game on level 2 of the Dungeon.
             The game lasted 00:09:00 (1583 turns).

Mordenkainen the Magician (Deep Elf Wizard)         Turns: 1583, Time: 00:09:00

Health: 1/24       AC:  3    Str:  4    XL:     4   Next: 85%
Magic:  6/13       EV: 13    Int: 24    God:
Gold:   73         SH:  0    Dex: 13    Spells: 5 memorised, 2 levels left

rFire  . . .     SeeInvis .     h - +1 hand axe
rCold  . . .     Clarity  .     a - +0 robe
rNeg   . . .     SustAt   .     (no shield)
rPois  .         Gourm    .     b - +0 hat
rElec  .         Spirit   .     (no cloak)
rCorr  .         Warding  .     m - +0 pair of gloves
rMut   .         Stasis   .     (no boots)
MR     .....                    (no amulet)
Stlth  ++........               (no ring)
                                (no ring)

@: lethally poisoned (1 -> -12), about to teleport, very slightly contaminated,
not resistant to hostile enchantments, unstealthy
A: no striking features
a: no special abilities


You were on level 2 of the Dungeon.
You were not hungry.

You visited 1 branch of the dungeon, and saw 2 of its levels.

You collected 73 gold pieces.

Inventory:

Hand weapons
 h - a +1 hand axe (weapon)
 l - a +2 dagger of holy wrath
 p - a +5 club
Armour
 a - a +0 robe (worn)
 b - a +0 hat (worn)
 m - a +0 pair of gloves (worn)
Magical devices
 o - a wand of random effects (32)
Scrolls
 i - 3 scrolls of remove curse {unknown}
 j - 3 scrolls of identify {unknown}
Books
 c - a book of Minor Magic

   Spells                             Type                      Level
   a - Magic Dart                     Conjuration                  1
   b - Blink                          Translocation                2
   c - Call Imp                       Summoning                    2
   d - Repel Missiles                 Charms/Air                   2
   e - Slow                           Hexes                        2
   f - Conjure Flame                  Conjuration/Fire             3
   g - Mephitic Cloud                 Conjuration/Poison/Air       3
Comestibles
 d - a bread ration
 k - a beef jerky
 n - 2 chunks of flesh


   Skills:
 + Level 2.9 Dodging
 + Level 3.1 Stealth
 + Level 5.4 Spellcasting
 * Level 2.5 Conjurations
 + Level 1.1 Charms
   Level 1.1 Summonings
 + Level 1.9 Translocations
 + Level 1.2 Fire Magic
 + Level 0.2 Air Magic
 + Level 0.9 Poison Magic


You had 2 spell levels left.
You knew the following spells:

 Your Spells              Type           Power        Failure   Level  Hunger
a - Magic Dart            Conj           ###.         3%          1    None
b - Blink                 Tloc           N/A          8%          2    None
c - Repel Missiles        Chrm/Air       #.....       12%         2    None
e - Conjure Flame         Conj/Fire      ###.....     14%         3    ##.....
h - Mephitic Cloud        Conj/Pois/Air  ##......     17%         3    ##.....


Dungeon Overview and Level Annotations

Branches:
Dungeon (2/15)

Altars:

Annotations:
D:2 Crazy Yiuf


Message History

* * * LOW HITPOINT WARNING * * *
You feel sick.
Crazy Yiuf is engulfed in noxious fumes.
Crazy Yiuf appears confused.
Read which item? (? for menu, Esc to quit)
As you read the scroll labeled INLIQI WARPH, it crumbles to dust.
You feel strangely unstable.
It was a scroll of teleportation.
* * * LOW HITPOINT WARNING * * *
You feel sick.
Crazy Yiuf counts something out on his fingers.
Read which item? (? for menu, Esc to quit)
As you read the scroll labeled CAXTYS UCIFAM, it crumbles to dust.
It is a scroll of enchant weapon.
Enchant which weapon? (? for menu, Esc to quit)
Your cursed +0 hand axe glows red for a moment.
* * * LOW HITPOINT WARNING * * *
You feel sick.
Quiver which item? (- for none, * to show all) (? for menu, Esc to quit)
Okay, then.
Are you sure you want to abandon this character and quit the game? (Confirm with "yes".)

##.#.# #...# ♣.♣♣
##.#.###.### ♣♣.♣
##.#.......# ♣♣.♣♣
##.######### ♣♣.♣.♣
##......# ♣....♣
######.# #....# #.#
###.g..####.# #.#
#.#.........#
######.#####...@.#####.#
..................#
#######.######.#.## #.#
#.#... #.# #.##### #.#
#.# #.# #.# #.# #.# #.


You could see Crazy Yiuf (confused).

Vanquished Creatures
  Jessica (D:2)
  Terence (D:2)
  Robin (D:2)
  An adder (D:2)
  2 worms (D:2)
  4 bats
  2 giant cockroaches
  15 goblins
  9 hobgoblins
  A ball python (D:1)
  4 giant newts
  6 kobolds (D:1)
  2 rats
49 creatures vanquished.

Notes
Turn   | Place    | Note
--------------------------------------------------------------
     0 | D:1      | Mordenkainen the Deep Elf Wizard began the quest for the Orb.
     0 | D:1      | Reached XP level 1. HP: 10/10 MP: 7/7
   186 | D:1      | Reached XP level 2. HP: 15/15 MP: 5/9
   763 | D:2      | Reached XP level 3. HP: 19/19 MP: 6/11
   770 | D:2      | Learned a level 2 spell: Blink
   773 | D:2      | Learned a level 2 spell: Repel Missiles
   777 | D:2      | Learned a level 3 spell: Mephitic Cloud
   781 | D:2      | Learned a level 3 spell: Conjure Flame
   931 | D:2      | Noticed Terence
   960 | D:2      | Killed Terence
   960 | D:2      | Reached skill level 5 in Spellcasting
  1094 | D:2      | Reached XP level 4. HP: 17/24 MP: 5/13
  1199 | D:2      | Reached skill level 1 in Charms
  1200 | D:2      | Noticed Robin
  1240 | D:2      | Killed Robin
  1463 | D:2      | Noticed Jessica
  1475 | D:2      | Killed Jessica
  1475 | D:2      | Reached skill level 1 in Fire Magic
  1566 | D:2      | Noticed Crazy Yiuf
  1582 | D:2      | HP: 1/24 [poisoned by Crazy Yiuf]
  1583 | D:2      | Quit the game

Vault maps used:
D:1:      dpeg_arrival_rhombus, corexii_corridor_pit, minmay_misc_feat_tiny
D:2:      first_bread, uniq_robin, uniq_terence, uniq_crazy_yiuf_cottage,
          uniq_jessica

Action                   |  1- 3 |  4- 6 || total
-------------------------+-------+-------++-------
Melee: Hand axe          |     2 |    12 ||    14
 Cast: Magic Dart        |    69 |    39 ||   108
       Conjure Flame     |     2 |     1 ||     3
       Mephitic Cloud    |     1 |     3 ||     4
  Use: Scroll            |       |     3 ||     3
 Stab: Confused          |     1 |       ||     1
  Eat: Chunk             |       |     2 ||     2
